 Dungeon Crawl Stone Soup version 0.27.1-34-g3ba077fa99 (webtiles) character file.

Game seed: 9096072505126851257

1425 ticklebelly the Skirmisher (level 8, -15/74 HPs)
             Began as a Minotaur Berserker on Jan 1, 2022.
             Was a Priest of Trog.
             Demolished by a two-headed ogre (27 damage)
             ... on level 8 of the Dungeon.
             The game lasted 00:25:53 (5474 turns).

ticklebelly the Skirmisher (Minotaur Berserker)     Turns: 5474, Time: 00:25:54

Health: -15/74     AC: 11    Str: 25    XL:     8   Next: 44%
Magic:  7/7        EV:  9    Int:  4    God:    Trog [***...]
Gold:   318        SH:  0    Dex:  9    Spells: 7/7 levels left

rFire    . . .     SeeInvis .   k - +0 war axe
rCold    . . .     Faith    .   (no shield)
rNeg     . . .     Spirit   .   l - +0 chain mail
rPois    .         Reflect  .   (helmet restricted)
rElec    .         Harm     .   (no cloak)
rCorr    .         Rampage  .   j - +0 pair of gloves
Will     .....                  (no boots)
Stlth    ..........             (no amulet)
HPRegen  0.22/turn              (no ring)
MPRegen  0.10/turn              (no ring)

@: no status effects
A: horns 2, retaliatory headbutt
a: Renounce Religion, Berserk, Trog's Hand


You were on level 8 of the Dungeon.
You worshipped Trog.
Trog was most pleased with you.
You visited 1 branch of the dungeon, and saw 7 of its levels.

You collected 318 gold pieces.

Inventory:

Hand Weapons
 k - a +0 war axe (weapon)
Armour
 j - a +0 pair of gloves (worn)
 l - a +0 chain mail (worn)
 s - a scarf of shadows
Wands
 n - a wand of digging (6)
 u - a wand of flame (13)
Scrolls
 a - 3 scrolls of teleportation {unknown}
 b - 2 scrolls of magic mapping {unknown}
 c - a scroll of summoning {unknown}
 d - 2 scrolls of acquirement {unknown}
 e - 2 scrolls of vulnerability {unknown}
 f - a scroll of fear {unknown}
 g - a scroll of silence {unknown}
 o - a scroll of noise {unknown}
 q - 2 scrolls of identify {unknown}
Potions
 h - a potion of haste {unknown}
 i - 2 potions of might {unknown}
 m - 2 potions of ambrosia {unknown}
 p - 2 potions of mutation {unknown}
 r - a potion of curing {unknown}
 t - a potion of lignification {unknown}


   Skills:
 + Level 7.7 Fighting
 + Level 7.7 Axes
 + Level 5.9 Armour
 + Level 5.3 Dodging
 + Level 1.2 Evocations


You had 7 spell levels left.
You didn't know any spells.
Your spell library was empty.

Dungeon Overview and Level Annotations

Branches:
Dungeon (6/15)             Temple (0/1) D:4

Altars:
The Shining One


Innate Abilities, Weirdness & Mutations

You have a pair of horns on your head.
You reflexively headbutt those who attack you in melee.


Message History

u - a wand of flame (13)
You see here the +1 scimitar of Wariness {vamp, Int+4}.
You see here the +1 scimitar of Wariness {vamp, Int+4}.
You start resting.
HP restored.
There is an open door here.
You see here a staff of cold.
You start waiting.
Done waiting.
You open the door.
A two-headed ogre comes into view.
It is wielding a +0 giant club and a +0 giant spiked club.
The two-headed ogre shouts in stereo!
The two-headed ogre moves out of view.
Found a scroll labelled VAILUW SIRI.
There is an open door here.
The two-headed ogre barely misses you.
The two-headed ogre hits you but does no damage.
You barely miss the two-headed ogre. You closely miss the two-headed ogre.
The two-headed ogre closely misses you. The two-headed ogre barely misses you.
You hit the two-headed ogre.
You headbutt the two-headed ogre, but do no damage.
The two-headed ogre is lightly wounded.
The two-headed ogre hits you with a +0 giant club!
The two-headed ogre hits you with a +0 giant spiked club!
You barely miss the two-headed ogre. You headbutt the two-headed ogre!
The two-headed ogre is moderately wounded.
The two-headed ogre closely misses you. You furiously retaliate!
You headbutt the two-headed ogre!
The two-headed ogre hits you with a +0 giant spiked club.
You slash the two-headed ogre!
The two-headed ogre is severely wounded.
The two-headed ogre barely misses you.
The two-headed ogre hits you with a +0 giant spiked club!
You hit the two-headed ogre.
The two-headed ogre is almost dead.
The two-headed ogre hits you with a +0 giant club!!
* * * LOW HITPOINT WARNING * * *
The two-headed ogre hits you with a +0 giant spiked club!!
You die...

#.#.....#
#.#.รท...#
#.#.....#
#.##...##
#.###'### ####
#....|..##...##
#..)....#.....#
#....8..'O....#
#.......#@....#
#.......##?..##
#####+### ####


You could see a two-headed ogre.

Vanquished Creatures
  A tengu conjurer (D:8)
  Sigmund (D:3)
  A black bear (D:5)
  An ogre (D:5)
  A bullfrog (D:5)
  3 scorpions
  A wyvern skeleton (D:5)
  2 water moccasin skeletons
  The ghost of pkoi the Gusty, a weakling DrAE (D:3)
  A howler monkey (D:5)
  A hound (D:4)
  2 orc priests (D:3)
  2 iguanas (D:5)
  Jessica (D:3)
  Terence (D:3)
  A killer bee zombie (D:6)
  A hound skeleton (D:5)
  4 adders
  A gnoll (D:3)
  A white imp (D:5)
  An ufetubus (D:5)
  An adder skeleton (D:5)
  2 worms
  A dart slug (D:1)
  4 orcs
  3 ball pythons
  7 endoplasms
  2 giant cockroaches
  3 goblins
  8 hobgoblins
  9 jackals
  4 quokkas
  11 bats
  6 frilled lizards
  13 kobolds
  9 rats
112 creatures vanquished.

Vanquished Creatures (others)
  11 plants (D:3)
11 creatures vanquished.

Grand Total: 123 creatures vanquished

Notes
Turn   | Place    | Note
-------+----------+-------------------------------------------
     0 | D:1      | ticklebelly the Minotaur Berserker began the quest for the
                  | Orb.
     0 | D:1      | Reached XP level 1. HP: 19/19 MP: 0/0
   143 | D:1      | Reached XP level 2. HP: 26/27 MP: 1/1
   445 | D:1      | Reached ** piety under Trog
   505 | D:1      | Found a faded altar of an unknown god.
   538 | D:1      | Reached XP level 3. HP: 33/33 MP: 2/2
  1085 | D:2      | Found a glowing golden altar of the Shining One.
  1490 | D:2      | Reached XP level 4. HP: 41/41 MP: 3/3
  1574 | D:3      | Noticed a scorpion
  1580 | D:3      | Killed a scorpion
  1900 | D:3      | Found a runed translucent gate.
  1900 | D:3      | Found a runed translucent gate.
  1900 | D:3      | Found a runed translucent gate.
  1902 | D:3      | Noticed pkoi's ghost (weakling DrAE)
  1925 | D:3      | Reached XP level 5. HP: 47/47 MP: 4/4
  1934 | D:3      | Killed pkoi's ghost
  1935 | D:3      | Reached skill level 5 in Fighting
  1935 | D:3      | Reached skill level 5 in Axes
  2005 | D:3      | Noticed Terence
  2015 | D:3      | Noticed Jessica
  2018 | D:3      | Killed Terence
  2031 | D:3      | Killed Jessica
  2139 | D:3      | Noticed Sigmund
  2154 | D:3      | Killed Sigmund
  2155 | D:3      | Reached XP level 6. HP: 48/56 MP: 5/5
  2649 | D:3      | Reached *** piety under Trog
  3093 | D:4      | Reached XP level 7. HP: 45/62 MP: 6/6
  3255 | D:4      | You fall into a shaft and drop 2 floors!
  3286 | D:5      | Entered Level 5 of the Dungeon
  3315 | D:5      | Reached skill level 5 in Armour
  3342 | D:4      | Found a staircase to the Ecumenical Temple.
  5040 | D:5      | Reached XP level 8. HP: 70/73 MP: 7/7
  5132 | D:5      | Reached skill level 5 in Dodging
  5239 | D:5      | You fall into a shaft and drop 3 floors!
  5244 | D:8      | Noticed a tengu conjurer
  5256 | D:8      | Killed a tengu conjurer
  5257 | D:8      | Reached skill level 1 in Evocations
  5263 | D:8      | Identified the +1 scimitar of Wariness {vamp, Int+4}
  5466 | D:8      | Noticed a two-headed ogre
  5474 | D:8      | Demolished by a two-headed ogre

Illustrated notes

Levels and vault maps discovered:
D:1:      matt_arrival_los_fun, layout_basic,
          hellmonk_ecumenical_altar_leap_of_faith
D:2:      layout_loops_corners, basic_altar
D:3:      layout_basic, gammafunk_ghost_split, minmay_misc_feat_roman,
          lexackson_kobold_supper, uniq_sigmund, uniq_terence, uniq_jessica
D:4:      layout_basic, minmay_temple_entry_slanted, lightli_corner_chamber
D:5:      layout_gridville, grunt_decor_mini_mirrors, minmay_quadrilaterals
D:6:      layout_rooms, nemelex_xobeh_ov_fountains_minmay,
          grunt_dithmenos_shadows, st_stairs_9
D:8:      layout_basic, nicolae_overflow_crystal_walls,
          nicolae_overflow_hidden_temple, lightli_temple_of_fire,
          erik_lair_orcish_takeover, minmay_three_doors, uniq_maurice

Skill      XL: |  1  2  3  4  5  6  7  8 |
---------------+-------------------------+-----
Fighting       | 4 5 7 |  7.7
Axes           | 4 5 7 |  7.7
Armour         | 3 4 5 |  5.9
Dodging        | 3 4 5 |  5.3
Evocations     | 1 |  1.2

Action                   |  1- 3 |  4- 6 |  7- 9 || total
-------------------------+-------+-------+-------++-------
Melee: Hand axe          |    77 |     5 |       ||    82
       Headbutt          |    12 |    13 |    23 ||    48
       War axe           |       |    91 |   101 ||   192
Invok: Berserk           |       |     1 |       ||     1
       Trog's Hand       |       |     1 |     1 ||     2
 Stab: Sleeping          |     1 |       |       ||     1
Armor: Animal skin       |     3 |       |       ||     3
       Ring mail         |    31 |     8 |       ||    39
       Chain mail        |       |    25 |    65 ||    90
Dodge: Dodged            |    45 |    38 |    57 ||   140
